 Dungeon Crawl Stone Soup version 0.24.0-5-g267a8d59f4 (webtiles) character file.

Game seed: 2652058697690121069, levelgen mode: deterministic

492 Esekla the Slasher (level 6, -3/34 HPs)
             Began as a Deep Elf Gladiator on Nov 1, 2019.
             Slain by an orc warrior
             ... wielding the +5 dire flail of Syheudgh {crush, Fragile +Blink rPois Int+3}
              (4 damage)
             ... on level 3 of the Dungeon.
             The game lasted 00:27:06 (4834 turns).

Esekla the Slasher (Deep Elf Gladiator)             Turns: 4834, Time: 00:27:09

Health: -3/34      AC: 11    Str: 11    XL:     6   Next: 91%
Magic:  8/8        EV: 15    Int: 13    God:
Gold:   104        SH:  0    Dex: 18    Spells: 2/5 levels left

rFire    . . .     SeeInvis .   a - +0 long sword
rCold    . . .     Gourm    .   (no shield)
rNeg     . . .     Faith    .   y - +3 leather armour
rPois    .         Spirit   .   t - +2 helmet
rElec    .         Reflect  .   m - +0 cloak
rCorr    .         Harm     .   (no gloves)
MR       .....                  o - +0 pair of boots
Stlth    ++........             (no amulet)
HPRegen  0.11/turn              (no ring)
MPRegen  0.11/turn              (no ring)

@: no status effects
A: no striking features
a: no special abilities


You were on level 3 of the Dungeon.
You were very hungry.

You visited 1 branch of the dungeon, and saw 4 of its levels.

You collected 118 gold pieces.
You spent 14 gold pieces at shops.

Inventory:

Hand Weapons
 a - a +0 long sword (weapon)
 g - a +0 short sword
Missiles
 d - 3 throwing nets
 s - 3 boomerangs (quivered)
Armour
 l - a +2 ring mail of cold resistance
 m - a +0 cloak (worn)
 o - a +0 pair of boots (worn)
 t - a +2 helmet (worn)
 y - a +3 leather armour (worn)
Wands
 p - a wand of polymorph (9)
 w - a wand of random effects (14)
Scrolls
 i - a scroll of magic mapping
 j - 2 scrolls of remove curse
 n - a scroll of enchant armour {unknown}
 q - a scroll of teleportation {unknown}
 r - a scroll of fear {unknown}
 u - a scroll of amnesia {unknown}
Potions
 b - a potion of berserk rage {unknown}
 c - 2 potions of flight
 e - a potion of ambrosia {unknown}
 h - a potion of heal wounds
 k - a potion of curing
 v - 2 potions of might {unknown}
 x - 2 potions of lignification {unknown}
 z - a potion of magic {unknown}
Comestibles
 f - 8 rations


   Skills:
 - Level 1.5 Fighting
 + Level 6.0 Long Blades
 - Level 2.0 Throwing
 + Level 1.7 Armour
 + Level 5.4 Dodging
 - Level 0.5 Stealth


You had 2 spell levels left.
You knew the following spells:

 Your Spells              Type           Power        Failure   Level  Hunger
a - Conjure Flame         Conj/Fire      #.......     77%         3    ####...

Your spell library contained the following spells:

 Spells                   Type           Power        Failure   Level  Hunger
 Flame Tongue             Conj/Fire      #....        38%         1    ##.....
 Throw Flame              Conj/Fire      #.....       52%         2    ###....
 Inner Flame              Hex/Fire       #.......     77%         3    ####...
 Sticky Flame             Conj/Fire      #.......     99%         4    #####..
 Fireball                 Conj/Fire      #.........   100%        5    ######.


Dungeon Overview and Level Annotations

Branches:
Dungeon (4/15)
 Temple: D:4-7

Altars:
Trog
Wu Jian
Beogh

Shops:
D:4 *

Annotations:
D:4 coffeespoons's ghost, weakling OpWz


Message History

You closely miss the orc warrior.
The orc warrior is heavily wounded.
The orc warrior barely misses you.
You hit the orc warrior.
The orc warrior is heavily wounded.
The orc warrior hits you with the +5 dire flail of Syheudgh {crush, Fragile +Blink rPois Int+3}.
You barely miss the orc warrior.
The orc warrior is heavily wounded.
The orc warrior closely misses you.
You riposte.
You barely miss the orc warrior.
The orc warrior is heavily wounded.
You barely miss the orc warrior.
The orc warrior is heavily wounded.
The orc warrior barely misses you.
You hit the orc warrior.
The orc warrior is severely wounded.
The orc warrior hits you with the +5 dire flail of Syheudgh {crush, Fragile +Blink rPois Int+3}!!
Ouch! That really hurt!
* * * LOW HITPOINT WARNING * * *
You die...

##.....## ##...## #.........#
##....# ##.....###.###.##.##
##.#.## ##.......##.###....#
##...####.........#)##...#.###
#.......'.........'...........
##...####.........#........###
##.## ##.......##..#..##.###
######.###
##.....####..........
...[.....# ##o@.## #.#.#.#.###
.#####.#.# ##'## #.....#.# #
.# ###.#.# #[# #.#.#...# # .#
#...#.# #.# #.....### #
.###.###.# ##.## #.#.### #
.........# ##...## #...#######
####.##### #.....# ###........
#.# ##...#######.#######
#.###########.#........#


You could see an orc warrior.

Vanquished Creatures
  Blork the orc (D:4)
  An orc priest (D:4)
  A jelly (D:2)
  Crazy Yiuf (D:3)
  Natasha (thrice) (D:3)
  A worker ant (D:4)
  Robin (D:3)
  5 gnolls
  5 adders
  An ooze (D:2)
  6 worms
  A dart slug (D:3)
  5 leopard geckos
  8 orcs
  10 bats
  3 giant cockroaches (D:2)
  11 hobgoblins
  2 jackals (D:3)
  7 kobolds
  3 quokkas
  3 ball pythons
  5 frilled lizards
  13 goblins
  7 rats
104 creatures vanquished.

Notes
Turn   | Place    | Note
-------+----------+-------------------------------------------
     0 | D:1      | Esekla the Deep Elf Gladiator began the quest for the Orb.
     0 | D:1      | Reached XP level 1. HP: 12/12 MP: 3/3
   323 | D:1      | Reached XP level 2. HP: 10/16 MP: 4/4
   441 | D:1      | Reached skill level 3 in Long Blades
  1280 | D:1      | Reached XP level 3. HP: 10/20 MP: 5/5
  1698 | D:3      | Found an ornate altar of the Wu Jian Council.
  1709 | D:3      | Reached XP level 4. HP: 25/25 MP: 6/6
  1963 | D:2      | Reached skill level 4 in Long Blades
  2460 | D:2      | Reached XP level 5. HP: 26/29 MP: 7/7
  2668 | D:4      | Found Righ's General Store.
  2679 | D:4      | Bought a potion of degeneration for 14 gold pieces
  2739 | D:4      | Found a bloodstained altar of Trog.
  2749 | D:4      | Found a runed translucent gate.
  2749 | D:4      | Found a runed translucent gate.
  2749 | D:4      | Found a runed translucent gate.
  2750 | D:4      | Found a roughly hewn altar of Beogh.
  2750 | D:4      | Noticed coffeespoons's ghost (weakling OpWz)
  2753 | D:4      | Identified the +3 mace of Xom's Whim {crush, +Blink MR+}
  2753 | D:4      | Identified the cursed +0 ring mail of Idivadef {rElec rF+
                  | rCorr Str+3}
  2753 | D:4      | Identified the +5 dire flail of Syheudgh {crush, Fragile
                  | +Blink rPois Int+3}
  2753 | D:4      | Noticed an orc warrior
  2771 | D:4      | Noticed Blork the orc
  2789 | D:4      | Killed Blork the orc
  2789 | D:4      | Reached skill level 1 in Armour
  2815 | D:4      | Reached skill level 5 in Long Blades
  2844 | D:4      | Reached skill level 5 in Dodging
  2849 | D:4      | Learned a level 3 spell: Conjure Flame
  3085 | D:3      | Reached XP level 6. HP: 10/34 MP: 8/8
  3503 | D:3      | Found a runed translucent door.
  3504 | D:3      | Noticed Crazy Yiuf
  3512 | D:3      | Killed Crazy Yiuf
  4044 | D:3      | Noticed Robin
  4050 | D:3      | Killed Robin
  4166 | D:3      | Noticed Natasha
  4175 | D:3      | Killed Natasha
  4267 | D:3      | Noticed Natasha
  4276 | D:3      | Killed Natasha
  4486 | D:3      | Noticed Natasha
  4501 | D:3      | Killed Natasha
  4823 | D:4      | Reached skill level 6 in Long Blades
  4834 | D:3      | HP: 1/34 [orc warrior/the +5 dire flail of Syheudgh {crush,
                  | Fragile +Blink rPois Int+3} (19)]
  4834 | D:3      | Slain by an orc warrior

Levels and vault maps discovered:
D:1:      dpeg_arrival_concentric_ovals, layout_basic
D:2:      layout_rooms, first_ration, kennysheep_boxes
D:3:      layout_loops_corners, lemuel_round_altar, serial_glass,
          glass_columns_a, glass_columns_b, glass_columns_a, glass_columns_b,
          glass_columns_b, uniq_natasha, uniq_robin, uniq_crazy_yiuf_cottage
D:4:      layout_rooms, overflow_temple_1_default, serial_corexii_hall,
          corexii_hall_statues_s, corexii_hall_statues_i,
          biasface_ghost_orc_armoury, serial_shops, shop, supply_closet_lemuel,
          uniq_blork_the_orc

Skill      XL: |  1  2  3  4  5  6 |
---------------+-------------------+-----
Dodging        | 4 5 |  5.4
Long Blades    | 3 4 5 6 |  6.0
Armour         | 1 |  1.7
Fighting       | |  1.5
Throwing       | |  2.0
Stealth        | |  0.5

Action                   |  1- 3 |  4- 6 || total
-------------------------+-------+-------++-------
Melee: Long sword        |    93 |   283 ||   376
Throw: Throwing net      |       |     1 ||     1
  Use: Scroll            |       |     5 ||     5
  Eat: Chunk             |     3 |     9 ||    12
Armor: Leather armour    |    25 |    33 ||    58
       Ring mail         |       |    67 ||    67
Dodge: Dodged            |    69 |   203 ||   272
       Rpst.: Long sword |    19 |    67 ||    86
